TOP OF THE 1ST |
Buffalo LightSabres batting - Pitching for Penquannock Overrated Jeter : RHP Dave Funk
|
Pitching: RHP Dave Funk
|
|
Batting: RHB Mike Wagner
|
0-0: Called Strike 0-1: Ball 1-1: Swinging Strike 1-2: Ball 2-2: Ground out 6-3 (Groundball, 6)
|
Batting: LHB Tim Griffith
|
0-0: Ball 1-0: Foul Ball, location: 2F 1-1: Called Strike 1-2: Ball 2-2: Foul Ball, location: 2F 2-2: SINGLE (Groundball, 34D)
|
Batting: RHB Augusto Padilla
|
0-0: Ball 1-0: Ball 2-0: Called Strike 2-1: Swinging Strike 2-2: Strikes out swinging
|
Batting: LHB Garrett King
|
0-0: Ball 1-0: Ball Wild Pitch! Tim Griffith to second 2-0: Called Strike 2-1: Fly out, F8 (Flyball, 8RM)
|
Top of the 1st over - 0 runs, 1 hit, 0 errors, 1 left on base; Buffalo 0 - Penquannock 0 |
BOTTOM OF THE 1ST |
Penquannock Overrated Jeter batting - Pitching for Buffalo LightSabres : RHP Joe Hopkins
|
Pitching: RHP Joe Hopkins
|
|
Batting: RHB Phil Wright
|
0-0: Ball 1-0: Called Strike 1-1: Foul Ball, location: 2F 1-2: Foul Ball, location: 2F 1-2: Foul Ball, location: 2F 1-2: Ball 2-2: Foul Ball, location: 2F 2-2: Fly out, F8 (Flyball, 8LM)
|
Batting: RHB Manny Perea
|
0-0: Ball 1-0: Ball 2-0: Swinging Strike 2-1: Swinging Strike 2-2: Ground out 5-3 (Groundball, 5L)
|
Batting: RHB Gary Wyatt
|
0-0: Swinging Strike 0-1: Fly out, F8 (Flyball, 8LM)
|
Bottom of the 1st over - 0 runs, 0 hits, 0 errors, 0 left on base; Buffalo 0 - Penquannock 0 |
TOP OF THE 2ND |
Buffalo LightSabres batting - Pitching for Penquannock Overrated Jeter : RHP Dave Funk
|
Batting: RHB Pat McDonald
|
0-0: Ball 1-0: Ball 2-0: SINGLE (Groundball, 56D)
|
Batting: RHB Raúl Flores
|
0-0: Called Strike 0-1: Ball 1-1: Ball 2-1: Fly out, F8 (Line Drive, 8RS)
|
Batting: RHB Júlio López
|
0-0: Called Strike 0-1: SINGLE (Groundball, 6MD) Pat McDonald to second
|
Batting: LHB Sergio Luna
|
Balk! Pat McDonald to third Júlio López to second 0-0: Ball 1-0: Fly out, F8 (Line Drive, 8LM) Runner from 3rd tags up, SCORES, no throw
|
Batting: RHB Peter Dixon
|
0-0: Foul Ball, location: 2F 0-1: SINGLE (Line Drive, 6) Júlio López to third
|
Batting: RHB Mike Wagner
|
0-0: Ball 1-0: Ball 2-0: Ball 3-0: Base on Balls Peter Dixon to second
|
Batting: LHB Tim Griffith
|
0-0: Ball 1-0: SINGLE (Line Drive, 78S) Júlio López scores Peter Dixon to third Mike Wagner to second Runner from 3rd tries for Home, SAFE, no throw
|
Batting: RHB Augusto Padilla
|
0-0: Ball 1-0: Foul Ball, location: 2F 1-1: Ball 2-1: Ball 3-1: Called Strike 3-2: Strikes out swinging
|
Top of the 2nd over - 3 runs, 4 hits, 0 errors, 2 left on base; Buffalo 3 - Penquannock 0 |
BOTTOM OF THE 2ND |
Penquannock Overrated Jeter batting - Pitching for Buffalo LightSabres : RHP Joe Hopkins
|
Batting: LHB Félix Costa
|
0-0: Ball 1-0: Fly out, F8 (Flyball, 78D)
|
Batting: SHB Cristián López
|
0-0: Fly out, F4 (Line Drive, 4)
|
Batting: LHB José Morales
|
0-0: Foul Ball, location: 2F 0-1: Swinging Strike 0-2: Foul Ball, location: 2F 0-2: Fly out, F9 (Flyball, 9)
|
Bottom of the 2nd over - 0 runs, 0 hits, 0 errors, 0 left on base; Buffalo 3 - Penquannock 0 |
TOP OF THE 3RD |
Buffalo LightSabres batting - Pitching for Penquannock Overrated Jeter : RHP Dave Funk
|
Batting: LHB Garrett King
|
0-0: Foul Ball, location: 2F 0-1: Ball 1-1: Ball 2-1: Foul Ball, location: 2F 2-2: Fly out, F8 (Flyball, 8LD)
|
Batting: RHB Pat McDonald
|
0-0: Foul Ball, location: 2F 0-1: Ball 1-1: Ball 2-1: Ball 3-1: Base on Balls
|
Batting: RHB Raúl Flores
|
0-0: Called Strike 0-1: Swinging Strike 0-2: Strikes out swinging
|
Batting: RHB Júlio López
|
0-0: Swinging Strike 0-1: Swinging Strike 0-2: Strikes out swinging
|
Top of the 3rd over - 0 runs, 0 hits, 0 errors, 1 left on base; Buffalo 3 - Penquannock 0 |
BOTTOM OF THE 3RD |
Penquannock Overrated Jeter batting - Pitching for Buffalo LightSabres : RHP Joe Hopkins
|
Batting: RHB Bobby Hendricks
|
0-0: Ball 1-0: Ball 2-0: Ball 3-0: Base on Balls
|
Batting: RHB Theodore Burns
|
0-0: DOUBLE (Line Drive, 7D) Bobby Hendricks to third
|
Batting: RHB Guillermo Gracía
|
0-0: Ball 1-0: Called Strike 1-1: Foul Ball, location: 2F 1-2: Strikes out swinging
|
Batting: RHB Phil Wright
|
0-0: SINGLE (Line Drive, 9S) Bobby Hendricks scores Theodore Burns to third
|
Batting: RHB Manny Perea
|
0-0: Called Strike 0-1: Swinging Strike 0-2: Ball 1-2: Foul Ball, location: 2F 1-2: SINGLE (Line Drive, 9LS) Theodore Burns scores Phil Wright to second
|
Batting: RHB Gary Wyatt
|
0-0: Foul Ball, location: 2F 0-1: Ball 1-1: Ball 2-1: Ball 3-1: Swinging Strike 3-2: Foul Ball, location: 2F 3-2: Foul Ball, location: 2F 3-2: Fly out, F5 (Line Drive, 56)
|
Batting: LHB Félix Costa
|
0-0: Ball 1-0: Swinging Strike 1-1: SINGLE (Line Drive, 4D) Phil Wright to third Manny Perea to second Runner from 3rd tries for Home, throw and OUT!
|
Bottom of the 3rd over - 2 runs, 4 hits, 0 errors, 2 left on base; Buffalo 3 - Penquannock 2 |
TOP OF THE 4TH |
Buffalo LightSabres batting - Pitching for Penquannock Overrated Jeter : RHP Dave Funk
|
Batting: LHB Sergio Luna
|
0-0: Ball 1-0: SOLO HOME RUN (Flyball, 9D), Distance : 381 ft
|
Batting: RHB Peter Dixon
|
0-0: Foul Ball, location: 2F 0-1: Foul Ball, location: 2F 0-2: Strikes out looking
|
Batting: RHB Mike Wagner
|
0-0: Ball 1-0: Called Strike 1-1: SINGLE (Line Drive, 89M)
|
Batting: LHB Tim Griffith
|
0-0: Ball 1-0: Grounds into double play, 6-4-3 (Groundball, 6)
|
Top of the 4th over - 1 run, 2 hits, 0 errors, 0 left on base; Buffalo 4 - Penquannock 2 |
BOTTOM OF THE 4TH |
Penquannock Overrated Jeter batting - Pitching for Buffalo LightSabres : RHP Joe Hopkins
|
Batting: SHB Cristián López
|
0-0: SINGLE (Line Drive, 8LS)
|
Batting: LHB José Morales
|
0-0: Called Strike Cristián López steals 2nd base 0-1: SINGLE (Groundball, 4MD) Cristián López to third
|
Batting: RHB Bobby Hendricks
|
0-0: Called Strike 0-1: Ball 1-1: Ball 2-1: Ball 3-1: Base on Balls José Morales to second
|
Batting: RHB Theodore Burns
|
0-0: Foul Ball, location: 2F 0-1: Swinging Strike 0-2: Strikes out looking
|
Batting: RHB Guillermo Gracía
|
0-0: Ball 1-0: Called Strike 1-1: Swinging Strike 1-2: Ball 2-2: Grounds into double play, 4-6-3 (Groundball, 4)
|
Bottom of the 4th over - 0 runs, 2 hits, 0 errors, 2 left on base; Buffalo 4 - Penquannock 2 |
TOP OF THE 5TH |
Buffalo LightSabres batting - Pitching for Penquannock Overrated Jeter : RHP Dave Funk
|
Batting: RHB Augusto Padilla
|
0-0: Ball 1-0: Foul Ball, location: 2F 1-1: Ground out 4-3 (Groundball, 4MD)
|
Batting: LHB Garrett King
|
0-0: Called Strike 0-1: Ball 1-1: Swinging Strike 1-2: Ball 2-2: SINGLE (Line Drive, 7S)
|
Batting: RHB Pat McDonald
|
0-0: Foul Ball, location: 2F 0-1: Ball 1-1: Ball 2-1: Ball 3-1: Base on Balls Garrett King to second
|
Pitching: RHP César Villanueva
|
|
Batting: RHB Raúl Flores
|
0-0: Fly out, F7 (Flyball, 7D)
|
Batting: RHB Júlio López
|
0-0: Ball 1-0: Ball 2-0: Swinging Strike 2-1: Called Strike 2-2: Ball 3-2: SINGLE (Line Drive, 7LS) Garrett King to third Pat McDonald to second Garrett King scores Pat McDonald to third
|
Batting: LHB Sergio Luna
|
0-0: Fielders Choice at 2nd, 5-4 (Groundball, 5)
|
Top of the 5th over - 1 run, 2 hits, 0 errors, 2 left on base; Buffalo 5 - Penquannock 2 |
BOTTOM OF THE 5TH |
Penquannock Overrated Jeter batting - Pitching for Buffalo LightSabres : RHP Joe Hopkins
|
Batting: RHB Phil Wright
|
0-0: Ball 1-0: Ball 2-0: Called Strike 2-1: Fly out, F7 (Line Drive, 78M)
|
Batting: RHB Manny Perea
|
0-0: Ball 1-0: DOUBLE (Line Drive, 7LM)
|
Batting: RHB Gary Wyatt
|
0-0: Foul Ball, location: 2F 0-1: Ball 1-1: Called Strike 1-2: Foul Ball, location: 2F 1-2: Foul Ball, location: 2F 1-2: Foul Ball, location: 2F 1-2: Strikes out swinging
|
Batting: LHB Félix Costa
|
0-0: Ball 1-0: Foul Ball, location: 2F 1-1: Fly out, F4 (Popup, 4)
|
Bottom of the 5th over - 0 runs, 1 hit, 0 errors, 1 left on base; Buffalo 5 - Penquannock 2 |
TOP OF THE 6TH |
Buffalo LightSabres batting - Pitching for Penquannock Overrated Jeter : RHP César Villanueva
|
Batting: RHB Peter Dixon
|
0-0: Ground out 5-3 (Groundball, 5)
|
Batting: RHB Mike Wagner
|
0-0: Ball 1-0: Ground out 5-3 (Groundball, 56S)
|
Batting: LHB Tim Griffith
|
0-0: Called Strike 0-1: Called Strike 0-2: Strikes out swinging
|
Top of the 6th over - 0 runs, 0 hits, 0 errors, 0 left on base; Buffalo 5 - Penquannock 2 |
BOTTOM OF THE 6TH |
Penquannock Overrated Jeter batting - Pitching for Buffalo LightSabres : RHP Joe Hopkins
|
Batting: SHB Cristián López
|
0-0: Foul Ball, location: 2F 0-1: Ball 1-1: Swinging Strike 1-2: Strikes out swinging
|
Batting: LHB José Morales
|
0-0: Called Strike 0-1: Swinging Strike 0-2: Ball 1-2: Foul Ball, location: 2F 1-2: SINGLE (Line Drive, 4M)
|
Batting: RHB Bobby Hendricks
|
0-0: Called Strike 0-1: Ball 1-1: Ball 2-1: Ball 3-1: Base on Balls José Morales to second
|
Batting: RHB Theodore Burns
|
0-0: Called Strike 0-1: Foul Ball, location: 2F 0-2: Strikes out swinging
|
Batting: RHB Guillermo Gracía
|
0-0: Ball 1-0: Called Strike 1-1: Foul Ball, location: 2F 1-2: Foul Ball, location: 2F 1-2: Ball 2-2: Ball 3-2: Reached on error, E5 (Groundball, 56S) José Morales scores Bobby Hendricks to third
|
Pitching: RHP Assi Zaid
|
|
Batting: RHB Phil Wright
|
0-0: Ball 1-0: Called Strike 1-1: Swinging Strike 1-2: Strikes out swinging
|
Bottom of the 6th over - 1 run, 1 hit, 1 error, 2 left on base; Buffalo 5 - Penquannock 3 |
TOP OF THE 7TH |
Buffalo LightSabres batting - Pitching for Penquannock Overrated Jeter : RHP César Villanueva
|
Batting: RHB Augusto Padilla
|
0-0: Foul Ball, location: 2F 0-1: Called Strike 0-2: Ball 1-2: Strikes out swinging
|
Batting: LHB Garrett King
|
0-0: Ball 1-0: Called Strike 1-1: Ball 2-1: Fly out, F7 (Flyball, 7S)
|
Batting: RHB Pat McDonald
|
0-0: Ball 1-0: Ball 2-0: Fly out, F8 (Flyball, 8LM)
|
Top of the 7th over - 0 runs, 0 hits, 0 errors, 0 left on base; Buffalo 5 - Penquannock 3 |
BOTTOM OF THE 7TH |
Penquannock Overrated Jeter batting - Pitching for Buffalo LightSabres : RHP Assi Zaid
|
Batting: RHB Manny Perea
|
0-0: Called Strike 0-1: Foul Ball, location: 2F 0-2: Ball 1-2: Foul Ball, location: 2F 1-2: Ball 2-2: Foul Ball, location: 2F 2-2: SINGLE (Groundball, 6MD)
|
Batting: RHB Gary Wyatt
|
0-0: Called Strike 0-1: Ball 1-1: Called Strike 1-2: Ball 2-2: SINGLE (Groundball, 34) (infield hit) Manny Perea to second
|
Batting: LHB Félix Costa
|
0-0: Fly out, F8 (Flyball, 8LS)
|
Batting: SHB Cristián López
|
0-0: Ball 1-0: Called Strike 1-1: 3-RUN HOME RUN (Flyball, 9D), Distance : 363 ft
|
Pitching: LHP Tom Workman
|
|
Batting: LHB José Morales
|
0-0: Ball 1-0: Ball 2-0: Ball 3-0: Called Strike 3-1: Base on Balls
|
Batting: RHB Bobby Hendricks
|
0-0: Ball 1-0: Ball 2-0: Foul Ball, location: 2F 2-1: 2-RUN HOME RUN (Flyball, 78XD), Distance : 399 ft
|
Batting: RHB Theodore Burns
|
0-0: Ball 1-0: Ball 2-0: Ball 3-0: Base on Balls
|
Batting: RHB Guillermo Gracía
|
0-0: Ball 1-0: Ball 2-0: Fly out, F8 (Flyball, 78M)
|
Batting: RHB Phil Wright
|
0-0: Ball 1-0: Swinging Strike 1-1: Ball 2-1: Fly out, F9 (Flyball, 9D)
|
Bottom of the 7th over - 5 runs, 4 hits, 0 errors, 1 left on base; Buffalo 5 - Penquannock 8 |
TOP OF THE 8TH |
Buffalo LightSabres batting - Pitching for Penquannock Overrated Jeter : RHP César Villanueva
|
Batting: RHB Raúl Flores
|
0-0: Fly out, F8 (Flyball, 8RXD)
|
Batting: RHB Júlio López
|
0-0: Ball 1-0: Foul Ball, location: 2F 1-1: Ball 2-1: Called Strike 2-2: Strikes out looking
|
Batting: LHB Sergio Luna
|
0-0: Ball 1-0: Fly out, F8 (Line Drive, 8LM)
|
Top of the 8th over - 0 runs, 0 hits, 0 errors, 0 left on base; Buffalo 5 - Penquannock 8 |
BOTTOM OF THE 8TH |
Penquannock Overrated Jeter batting - Pitching for Buffalo LightSabres : LHP Tom Workman
|
Batting: RHB Manny Perea
|
0-0: Ball 1-0: Ball 2-0: Called Strike 2-1: Fly out, F8 (Flyball, 8LXD)
|
Batting: RHB Gary Wyatt
|
0-0: Foul Ball, location: 2F 0-1: Called Strike 0-2: Ball 1-2: Ball 2-2: Foul Ball, location: 2F 2-2: Ball 3-2: Base on Balls
|
Batting: LHB Félix Costa
|
0-0: Called Strike 0-1: Called Strike 0-2: Ball 1-2: Fly out, F5 (Popup, 25)
|
Batting: SHB Cristián López
|
0-0: Ball 1-0: Swinging Strike 1-1: Ball 2-1: Swinging Strike 2-2: Foul Ball, location: 2F 2-2: Fielders Choice at 2nd, 6-4 (Groundball, 6)
|
Bottom of the 8th over - 0 runs, 0 hits, 0 errors, 1 left on base; Buffalo 5 - Penquannock 8 |
TOP OF THE 9TH |
Buffalo LightSabres batting - Pitching for Penquannock Overrated Jeter : RHP César Villanueva
|
Batting: RHB Peter Dixon
|
0-0: Ball 1-0: Called Strike 1-1: Swinging Strike 1-2: Strikes out swinging
|
Batting: RHB Mike Wagner
|
0-0: Ball 1-0: SINGLE (Line Drive, 8LS)
|
Batting: LHB Tim Griffith
|
0-0: Fielders Choice at 2nd, 5-4 (Groundball, 5L)
|
Batting: RHB Augusto Padilla
|
0-0: DOUBLE (Line Drive, 7LM) Tim Griffith to third
|
Batting: LHB Garrett King
|
0-0: Called Strike 0-1: Foul Ball, location: 2F 0-2: Fly out, F8 (Line Drive, 78D)
|
Top of the 9th over - 0 runs, 2 hits, 0 errors, 2 left on base; Buffalo 5 - Penquannock 8 |
|